 Dungeon Crawl Stone Soup version 0.32-a0-986-ga09f62fbf4 (webtiles) character file.

Game seed: 9813254921908197919

766 Bliebski the Trooper (level 7, 0/50 HPs)
             Began as an Octopode Chaos Knight on Apr 21, 2024.
             Was a Plaything of Xom.
             Slain by Pikel the shock serpent (14 damage)
             ... on level 5 of the Dungeon.
             The game lasted 00:12:23 (4026 turns).

Bliebski the Trooper (Octopode Chaos Knight)        Turns: 4026, Time: 00:12:24

Health: 0/50       AC:  3    Str: 13    XL:     7   Next: 82%
Magic:  10/10      EV: 18    Int: 14    God:    Xom [...*..]
Gold:   231        SH:  0    Dex: 12    Spells: 9/10 levels left

rFire   + . .        a - +0 spear (chaos)
rCold   . . .        (no shield)
rNeg    . . .        (helmet currently unavailable)
rPois   .            (no amulet)
rElec   .            g - ring of protection from fire
rCorr   .            k - ring of willpower
SInv    .            r - +5 ring of evasion
Will    +....        (no ring)
Stlth   ++           (no ring)
HPRegen 0.28/turn    (no ring)
MPRegen 0.12/turn    (no ring)
                     (no ring)

%: no passive effects
@: beast-form
A: beast (slay +1), almost no armour, amphibious, 8 rings, camouflage 1,
gelatinous body 1, (nimble swimmer 1), tentacles, iridescent scales 1, inability
to read after injury 1
a: Begin Untransformation, Renounce Religion


You were on level 5 of the Dungeon.
You worshipped Xom.
You were a favourite toy of Xom.
You were a hulking beast.
You visited 1 branch of the dungeon, and saw 5 of its levels.
You also visited: Sewer.

You collected 231 gold pieces.

Inventory:

Hand Weapons
 a - a +0 spear of chaos (weapon)
Missiles
 f - 3 silver javelins (quivered)
 v - 4 atropa-tipped darts
Armour
 s - a +0 hat of willpower
Jewellery
 g - a ring of protection from fire (left tentacle)
 k - a ring of willpower (right tentacle)
 r - a +5 ring of evasion (on tentacle)
Talismans
 e - a beast talisman (active)
Scrolls
 b - a scroll of butterflies
 c - 4 scrolls of blinking
 d - 2 scrolls of enchant weapon {unknown}
 h - a scroll of identify {unknown}
 l - a scroll of vulnerability {unknown}
 t - a scroll of noise {unknown}
 u - a scroll of immolation {unknown}
Potions
 i - 2 potions of mutation {unknown}
 j - a potion of cancellation {unknown}
 m - 3 potions of enlightenment {unknown}
 n - a potion of degeneration {unknown}
 o - a potion of lignification {unknown}
 p - a potion of berserk rage {unknown}
 q - 2 potions of haste {unknown}


   Skills:
 + Level 5.3 Fighting
 - Level 3.0 Polearms
 + Level 4.9 Dodging
 + Level 2.4 Spellcasting
 + Level 2.5 Fire Magic
 + Level 3.1 Shapeshifting


You had 9 spell levels left.
You knew the following spells:

 Your Spells              Type           Power      Damage    Failure   Level
a - Foxfire               Conj/Fire      20%        2x1d5     14%         1

Your spell library contained the following spells:

 Spells                   Type           Power      Damage    Failure   Level
 Lesser Beckoning         Tloc           2%         N/A       34%         2
 Inner Flame              Hex/Fire       5%         N/A       38%         3
 Maxwell's Portable Pile  Tloc           1%         2d(5-13)  56%         3
 Teleport Other           Tloc           1%         N/A       56%         3
 Irradiate                Conj/Alch      0%         3d11      99%         5
 Plasma Beam              Fire/Air       2%         2x1d12    100%        6
 Starburst                Conj/Fire      2%         6d3       100%        6
 Ignition                 Fire           4%         3d4       100%        8


Dungeon Overview and Level Annotations

Branches:
Dungeon (5/15)              Sewer (visited)
 Temple: D:4-7

Altars:
Elyvilon

Annotations:
D:5 2 transporters, Konar's ghost, novice CoHu; Pikel


Innate Abilities, Weirdness & Mutations

You are a hulking beast.
Your limbs bulge with bestial killing power. (Slay +1)
You cannot wear most types of armour.
You are amphibious.
You can wear up to eight rings at the same time.
Your skin changes colour to match your surroundings (Stealth+).
Your rubbery body absorbs attacks. (AC +1, EV +1)
((You are camouflaged when in or above water. (Stealth+)))
You have tentacles for arms and can constrict up to eight enemies at once.
You are partially covered in iridescent scales. (AC +2)
You occasionally lose the ability to read scrolls when taking damage.


Message History

Pikel and a lemure come into view.
Pikel is wielding a +2 whip of freezing.
The lemure shouts!
Pikel shouts!
You hear a shout! x2
You hear a shout!
A lemure comes into view. x2
You barely miss the lemure. Your grab misses the lemure.
Your squeeze misses the lemure. The lemure hits you but does no damage.
A lemure comes into view.
You swap places.
The lemure hits your ice beast zombie!
Your ice beast zombie barely misses the lemure.
The lemure closely misses your ice beast zombie.
Pikel hits your ice beast zombie with a +2 whip of freezing.
You reach to attack!
You closely miss Pikel.
Your ice beast zombie misses the lemure.
The lemure hits your ice beast zombie.
Pikel hits your ice beast zombie with a +2 whip of freezing!
Pikel freezes your ice beast zombie.
You could not reach far enough! "The weather's been a little too boring around here."
The lemure hits your ice beast zombie.
Pikel says, "You'll feel the lick of my whip!"
Pikel hits your ice beast zombie with a +2 whip of freezing!
Your ice beast zombie closely misses Pikel.
Something hits your ice beast zombie.
Your ice beast zombie is destroyed!
Reach: a) +0 spear (chaos)
Press: ? - help, Dir - move target, f/p - Pikel
Aim: Pikel, wielding a +2 whip of freezing and wearing a +0 robe (black smoke, about 42% to evade your +0 spear of chaos)
You reach to attack!
You closely miss Pikel. You closely miss Pikel.
Your grab misses Pikel. "Hum-dee-hum-dee-hum..."
Pikel evaporates and reforms as a shock serpent!
You are now a favourite toy of Xom.
Pikel bites you but does no damage. Pikel attacks as it pursues you!
Pikel bites you! Pikel shocks you! Pikel bites you!
* * * LOW HITPOINT WARNING * * *
Pikel shocks you!
You die...
Xom is highly amused!

... .. #..# ##..5#
..##.####..###### .... ..
#.#.............# l ###.
.. #.#.. ###.#####
#.,5..# #.......# #..#.5#
#.#.#.### #..55§# #[#.#.#
#§###§#.#.# #§5§Sh#.#..
#######.### #.# #.# ##.#
#..#
#################.#######
...........).............
############......#######


You could see Pikel the shock serpent.

Vanquished Creatures
  An ice beast (D:5)
  An ogre (D:4)
  A bullfrog (Sewer)
  A scorpion (shapeshifter) (D:3)
  A hound (D:5)
  An iguana (D:5)
  Natasha (thrice) (D:2)
  14 adders
  A white imp (D:5)
  13 dart slugs
  A ribbon worm (D:2)
  8 orcs
  9 ball pythons
  A bat (D:2)
  17 endoplasms
  13 giant cockroaches
  7 goblins
  4 hobgoblins
  8 jackals
  10 kobolds
  3 quokkas
  19 frilled lizards
  9 rats
146 creatures vanquished.

Vanquished Creatures (others)
  A water moccasin (D:5)
  An ice beast zombie (D:5)
  A ribbon worm (D:5)
  A rat zombie (D:1)
  9 foxfires
13 creatures vanquished.

Grand Total: 159 creatures vanquished

Notes
Turn   | Place    | Note
-------+----------+-------------------------------------------
     0 | D:1      | Bliebski the Octopode Chaos Knight began the quest for the
                  | Orb.
     0 | D:1      | Reached XP level 1. HP: 16/16 MP: 1/1
   240 | D:1      | Reached XP level 2. HP: 18/21 MP: 2/2
   525 | D:1      | Reached XP level 3. HP: 22/26 MP: 3/3
   645 | D:1      | Found a faded altar of an unknown god.
   740 | D:1      | XOM: silly message
  1082 | D:2      | XOM: god gift: 3 silver javelins
  1099 | D:2      | XOM: 3-stop teleportation journey
  1135 | D:2      | Reached XP level 4. HP: 29/33 MP: 4/4
  1150 | D:2      | Noticed Natasha
  1159 | D:2      | Killed Natasha
  1160 | D:2      | Reached skill level 4 in Fighting
  1160 | D:2      | Reached skill level 1 in Shapeshifting
  1216 | D:2      | XOM: swap monsters
  1266 | D:2      | Noticed Natasha
  1271 | D:2      | Killed Natasha
  1272 | D:2      | Reached XP level 5. HP: 34/37 MP: 5/5
  1364 | D:2      | Learned a level 1 spell: Foxfire
  1391 | D:2      | XOM: enchant monster (bad)
  1571 | D:2      | Noticed Natasha
  1577 | D:2      | Killed Natasha
  1665 | D:2      | Found a white marble altar of Elyvilon.
  1750 | D:2      | XOM: give mutations
  1750 | D:2      | Gained mutation: You are occasionally teleported next to
                  | monsters. [Xom's mischief]
  1750 | D:2      | Lost mutation: You are occasionally teleported next to
                  | monsters. [Xom's mischief]
  2313 | D:3      | Found a glowing drain.
  2318 | D:3      | a ribbon worm changed into a shapeshifter
  2318 | D:3      | Noticed a shapeshifter (shapeshifter)
  2318 | D:3      | XOM: polymorph ribbon worm -> shapeshifter
  2320 | D:3      | a shapeshifter changed into a steam dragon
  2320 | D:3      | Noticed a steam dragon (shapeshifter)
  2321 | D:3      | a steam dragon changed into a shapeshifter
  2321 | D:3      | Noticed a shapeshifter (shapeshifter)
  2321 | D:3      | XOM: polymorph steam dragon -> shapeshifter
  2321 | D:3      | a shapeshifter changed into a scorpion
  2322 | Sewer    | Entered a sewer
  2382 | Sewer    | Reached XP level 6. HP: 44/44 MP: 7/7
  2440 | Sewer    | Reached skill level 1 in Spellcasting
  2461 | Sewer    | Reached skill level 1 in Fire Magic
  2805 | D:3      | XOM: noise
  2816 | D:3      | XOM: stat loss: -1 Str (12/13)
  2931 | D:3      | Reached XP level 7. HP: 49/49 MP: 9/9
  3023 | D:3      | XOM: give mutations
  3023 | D:3      | Gained mutation: You are partially covered in iridescent
                  | scales. (AC +2) [Xom's mischief]
  3023 | D:3      | Gained mutation: You occasionally lose the ability to read
                  | scrolls when taking damage. [Xom's mischief]
  3287 | D:4      | XOM: draining
  3343 | D:4      | Reached skill level 5 in Fighting
  3346 | D:4      | XOM: stat loss: -1 Dex (11/12)
  3385 | D:5      | Entered Level 5 of the Dungeon
  3386 | D:5      | XOM: swap monsters
  3517 | D:5      | XOM: god gift: +0 hat of willpower
  3675 | D:5      | Noticed a troll
  3676 | D:5      | Found a transporter.
  3676 | D:5      | Noticed Konar's ghost (novice CoHu)
  3679 | D:5      | XOM: divination: detect creatures
  3680 | D:5      | Found a transporter.
  3681 | D:5      | XOM: 5-stop teleportation journey
  3732 | D:5      | XOM: blink monster(s)
  3737 | D:5      | XOM: repel stairs
  3738 | D:5      | XOM: divine lightning
  3874 | D:5      | XOM: enchant monster (bad)
  4014 | D:5      | Noticed Pikel
  4021 | D:5      | XOM: fog
  4025 | D:5      | Pikel changed into Pikel the shock serpent
  4025 | D:5      | Noticed Pikel
  4025 | D:5      | XOM: polymorph Pikel -> Pikel the shock serpent
  4026 | D:5      | Slain by Pikel the shock serpent

Illustrated notes

Levels and vault maps discovered:
D:1:      heliophobic_arrival_enchanted_forest, layout_loops_cross,
          shapermc_ecumenical_altar_hornbeckon, serial_forest,
          infiniplex_forest_lined_2, infiniplex_forest_straight_3,
          infiniplex_forest_corner_2, infiniplex_forest_lined_room_2,
          infiniplex_forest_straight_4, infiniplex_forest_clump_double,
          infiniplex_forest_pool, infiniplex_forest_lined_ring,
          infiniplex_forest_clump_curved, roderic_lattice_a,
          chequers_serial_rivers_micro_b, solitary_fountain, minmay_tetromino_o2
D:2:      layout_basic, basic_altar, uniq_natasha
D:3:      minmay_chambers_of_threes, layout_basic, cheibrodos_sewer_entry_bend
D:4:      layout_basic
D:5:      layout_basic, minmay_temple_entry_slanted, gammafunk_ghost_arena,
          chequers_serial_rivers_micro_b, uniq_eustachio, uniq_pikel

Skill      XL: |  1  2  3  4  5  6  7 |
---------------+----------------------+-----
Dodging        | 3 4 |  4.9
Fighting       | 4 5 |  5.3
Shapeshifting  | 1 2 3 |  3.1
Spellcasting   | 1 2 |  2.4
Fire Magic     | 1 2 |  2.5
Polearms       | |  3.0

Action                     |  1- 3 |  4- 6 |  7- 9 || total
---------------------------+-------+-------+-------++-------
  Melee: Spear             |    69 |   173 |    69 ||   311
         Constrict         |     9 |    36 |    12 ||    57
         Tentacles         |     6 |    28 |     9 ||    43
   Cast: Foxfire           |       |     3 |     4 ||     7
   Stab: Sleeping          |     6 |    17 |     3 ||    26
         Distracted        |       |     2 |       ||     2
 Armour: Skin              |    16 |    25 |    26 ||    67
  Dodge: Dodged            |    20 |    41 |    40 ||   101
   Form: Beast             |     1 |       |       ||     1

Table legend: (Time is in decaauts)
 A = Elapsed time spent in this place.
 B = Non-inter-level travel time spent in this place.
 C = Inter-level travel time spent in this place.
 D = Time resting spent in this place.
 E = Time spent auto-exploring this place.
 F = Levels seen in this place.
 G = Mean time per level.
                   A        B        C        D        E       F      G
               +--------+--------+--------+--------+--------+-----+--------+
         Total |   4006 |   3936 |     70 |    230 |   2672 |   6 |  667.7 |
       Dungeon |   3617 |   3547 |     70 |    230 |   2468 |   5 |  723.4 |
         Sewer |    389 |    389 |      0 |      0 |    204 |   1 |  389.0 |
               +--------+--------+--------+--------+--------+-----+--------+

Top non-repeatable levels by time:
     D:1: 1016 daAuts
     D:3: 902 daAuts
     D:2: 824 daAuts
     D:5: 638 daAuts
   Sewer: 389 daAuts
     D:4: 234 daAuts
